PCL
SAN JOSE MISSIONS @ GRESHAM GOLD SOULS
09/26/2026
 
TOP OF THE 1ST
San Jose Missions batting - Pitching for Gresham Gold Souls : RHP Luis Fernández
Pitching: RHP Luis Fernández
Batting: RHB Greg Ball 0-0: Called Strike
0-1: Ball
1-1: Foul Ball, location: 2F
1-2: Ball
2-2: Ball
3-2: Base on Balls
Batting: LHB Miguel Montés 0-0: Ball
1-0: Ball
2-0: SINGLE (Groundball, 34D)
Greg Ball to second
Runner from 2nd tries for 3rd, SAFE, throw made to third
Batting: RHB Ramón Ruíz 0-0: Called Strike
0-1: Ball
1-1: Ball
2-1: Called Strike
Miguel Montés steals 2nd base
2-2: Fly out, F8 (Flyball, 8RD)
Runner from 3rd tags up, SCORES, no throw
Miguel Montés to third
Batting: RHB Chang-geun Kim 0-0: Fly out, F7 (Flyball, 7D)
Runner from 3rd tags up, SCORES, no throw
Batting: RHB Armando López 0-0: Called Strike
0-1: Called Strike
0-2: Strikes out looking
Top of the 1st over - 2 run(s), 1 hit(s), 0 error(s), 0 left on base; San Jose 2 - Gresham 0
BOTTOM OF THE 1ST
Gresham Gold Souls batting - Pitching for San Jose Missions : RHP Rafael Ressureio
Pitching: RHP Rafael Ressureio
Batting: LHB Bill Smith 0-0: Fly out, F3 (Popup, 3F)
Batting: SHB Sean Carr 0-0: Called Strike
0-1: Fly out, F8 (Flyball, 78S)
Batting: RHB Peter Hensley 0-0: Called Strike
0-1: Ball
1-1: SINGLE (Line Drive, 6MD)
Batting: RHB Lorenzo Morín 0-0: Ball
1-0: DOUBLE (Flyball, 9D)
Peter Hensley to third
Batting: RHB Mario Méndez 0-0: Called Strike
0-1: Fly out, F3 (Popup, 3L)
Bottom of the 1st over - 0 run(s), 2 hit(s), 0 error(s), 2 left on base; San Jose 2 - Gresham 0
TOP OF THE 2ND
San Jose Missions batting - Pitching for Gresham Gold Souls : RHP Luis Fernández
Batting: RHB Culley Douglas 0-0: Ball
1-0: SINGLE (Flyball, 8LS)
Batting: LHB Félix García 0-0: Ball
1-0: Fly out, F4 (Line Drive, 4)
Batting: RHB Bobby Brewster 0-0: Ball
1-0: Ball
2-0: Called Strike
2-1: Fielders Choice at 2nd, 4-6 (Groundball, 34)
Batting: RHB Elliott Rucker 0-0: Ball
1-0: Ball
2-0: Foul Ball, location: 2F
2-1: SINGLE (Groundball, 34D)
Bobby Brewster to second
Runner from 2nd tries for 3rd, SAFE, throw made to third
Batting: RHB Greg Ball 0-0: Called Strike
0-1: Ball
1-1: Ball
2-1: Foul Ball, location: 2F
2-2: Foul Ball, location: 2F
2-2: Foul Ball, location: 2F
2-2: Ball
3-2: Strikes out swinging
Top of the 2nd over - 0 run(s), 2 hit(s), 0 error(s), 2 left on base; San Jose 2 - Gresham 0
BOTTOM OF THE 2ND
Gresham Gold Souls batting - Pitching for San Jose Missions : RHP Rafael Ressureio
Batting: RHB Matt Davidson 0-0: Foul Ball, location: 2F
0-1: Ground out 6-3 (Groundball, 6)
Batting: SHB Todd Smith 0-0: Called Strike
0-1: Ball
1-1: Swinging Strike
1-2: Foul Ball, location: 2F
1-2: Foul Ball, location: 2F
1-2: Ground out 4-3 (Groundball, 34)
Batting: RHB Pablo Castillo 0-0: Ground out 5-3 (Groundball, 56)
Bottom of the 2nd over - 0 run(s), 0 hit(s), 0 error(s), 0 left on base; San Jose 2 - Gresham 0
TOP OF THE 3RD
San Jose Missions batting - Pitching for Gresham Gold Souls : RHP Luis Fernández
Batting: LHB Miguel Montés 0-0: Called Strike
0-1: Called Strike
0-2: Ball
1-2: Strikes out looking
Batting: RHB Ramón Ruíz 0-0: Called Strike
0-1: Ball
1-1: Swinging Strike
1-2: Strikes out swinging
Batting: RHB Chang-geun Kim 0-0: Ball
1-0: Ground out 6-3 (Groundball, 6)
Top of the 3rd over - 0 run(s), 0 hit(s), 0 error(s), 0 left on base; San Jose 2 - Gresham 0
BOTTOM OF THE 3RD
Gresham Gold Souls batting - Pitching for San Jose Missions : RHP Rafael Ressureio
Batting: RHB Jim Edgar 0-0: Called Strike
0-1: Foul Ball, location: 2F
0-2: Ball
1-2: SINGLE (Groundball, 4D) (infield hit)
Batting: LHB Bill Smith 0-0: Ball
1-0: Called Strike
1-1: Foul Ball, location: 2F
1-2: Ground out 4-3 (Groundball, 4M)
Jim Edgar to second
Batting: SHB Sean Carr 0-0: Ball
1-0: Foul Ball, location: 2F
1-1: Fly out, F4 (Popup, 34D)
Batting: RHB Peter Hensley 0-0: Called Strike
0-1: Ground out 6-3 (Groundball, 6M)
Bottom of the 3rd over - 0 run(s), 1 hit(s), 0 error(s), 1 left on base; San Jose 2 - Gresham 0
TOP OF THE 4TH
San Jose Missions batting - Pitching for Gresham Gold Souls : RHP Luis Fernández
Batting: RHB Armando López 0-0: Ball
1-0: Fly out, F8 (Flyball, 78S)
Batting: RHB Culley Douglas 0-0: Ball
1-0: Fly out, F6 (Line Drive, 6)
Batting: LHB Félix García 0-0: Fly out, F9 (Flyball, 9D)
Top of the 4th over - 0 run(s), 0 hit(s), 0 error(s), 0 left on base; San Jose 2 - Gresham 0
BOTTOM OF THE 4TH
Gresham Gold Souls batting - Pitching for San Jose Missions : RHP Rafael Ressureio
Batting: RHB Lorenzo Morín 0-0: Ground out 4-3 (Groundball, 4)
Batting: RHB Mario Méndez 0-0: Ball
1-0: Ball
2-0: Ground out 6-3 (Groundball, 6M)
Batting: RHB Matt Davidson 0-0: Foul Ball, location: 2F
0-1: Ball
1-1: Ball
2-1: Swinging Strike
2-2: Ball
3-2: Foul Ball, location: 2F
3-2: Base on Balls
Batting: SHB Todd Smith 0-0: Foul Ball, location: 2F
0-1: SINGLE (Groundball, 56)
Matt Davidson to second
Batting: RHB Pablo Castillo 0-0: Ball
1-0: Foul Ball, location: 2F
1-1: Called Strike
1-2: Ball
2-2: Foul Ball, location: 2F
2-2: Ball
3-2: Foul Ball, location: 2F
3-2: Base on Balls
Matt Davidson to third
Todd Smith to second
Batting: RHB Jim Edgar 0-0: Swinging Strike
0-1: Swinging Strike
0-2: Foul Ball, location: 2F
0-2: Ball
1-2: Strikes out swinging
Bottom of the 4th over - 0 run(s), 1 hit(s), 0 error(s), 3 left on base; San Jose 2 - Gresham 0
TOP OF THE 5TH
San Jose Missions batting - Pitching for Gresham Gold Souls : RHP Luis Fernández
Batting: RHB Bobby Brewster 0-0: Foul Ball, location: 2F
0-1: Swinging Strike
0-2: Strikes out swinging
Batting: RHB Elliott Rucker 0-0: Ball
1-0: SINGLE (Flyball, 9S)
Batting: RHB Greg Ball 0-0: Called Strike
0-1: Ball
1-1: Swinging Strike
1-2: Ball
2-2: Strikes out swinging
Batting: LHB Miguel Montés 0-0: SINGLE (Line Drive, 8RS)
Elliott Rucker to second
Batting: RHB Ramón Ruíz 0-0: Ball
1-0: Ball
2-0: Ball
3-0: Base on Balls
Elliott Rucker to third
Miguel Montés to second
Batting: RHB Chang-geun Kim 0-0: Fly out, F9 (Flyball, 9S)
Top of the 5th over - 0 run(s), 2 hit(s), 0 error(s), 3 left on base; San Jose 2 - Gresham 0
BOTTOM OF THE 5TH
Gresham Gold Souls batting - Pitching for San Jose Missions : RHP Rafael Ressureio
Batting: LHB Bill Smith 0-0: Called Strike
0-1: Foul Ball, location: 2F
0-2: Foul Ball, location: 2F
0-2: Ball
1-2: Foul Ball, location: 2F
1-2: SINGLE (Line Drive, 4D)
Batting: SHB Sean Carr 0-0: Foul Ball, location: 2F
0-1: Ball
1-1: Ball
2-1: Foul Ball, location: 2F
2-2: Strikes out swinging
Batting: RHB Peter Hensley 0-0: Called Strike
0-1: Ball
1-1: SINGLE (Line Drive, 34D)
Bill Smith to second
Batting: RHB Lorenzo Morín 0-0: Ball
1-0: Swinging Strike
1-1: Foul Ball, location: 2F
1-2: Strikes out swinging
Batting: RHB Mario Méndez 0-0: Fielders Choice at 2nd, 5-4 (Groundball, 56)
Bottom of the 5th over - 0 run(s), 2 hit(s), 0 error(s), 1 left on base; San Jose 2 - Gresham 0
TOP OF THE 6TH
San Jose Missions batting - Pitching for Gresham Gold Souls : RHP Luis Fernández
Batting: RHB Armando López 0-0: Called Strike
0-1: Swinging Strike
0-2: Fly out, F6 (Line Drive, 6)
Batting: RHB Culley Douglas 0-0: Fly out, F7 (Flyball, 7LM)
Batting: LHB Félix García 0-0: Foul Ball, location: 2F
0-1: Called Strike
0-2: Ball
1-2: Strikes out swinging
Top of the 6th over - 0 run(s), 0 hit(s), 0 error(s), 0 left on base; San Jose 2 - Gresham 0
BOTTOM OF THE 6TH
Gresham Gold Souls batting - Pitching for San Jose Missions : RHP Rafael Ressureio
Batting: RHB Matt Davidson 0-0: Ball
1-0: Foul Ball, location: 2F
1-1: Ball
2-1: Foul Ball, location: 2F
2-2: Foul Ball, location: 2F
2-2: Strikes out swinging
Batting: SHB Todd Smith 0-0: Ball
1-0: Called Strike
1-1: Ball
2-1: Foul Ball, location: 2F
2-2: SINGLE (Groundball, 34D)
Batting: RHB Pablo Castillo 0-0: Called Strike
0-1: Called Strike
0-2: Ball
1-2: Ball
2-2: Ball
3-2: Foul Ball, location: 2F
3-2: Foul Ball, location: 2F
3-2: Base on Balls
Todd Smith to second
Batting: RHB Jim Edgar 0-0: Ball
1-0: Ball
2-0: Swinging Strike
2-1: Ball
3-1: Base on Balls
Todd Smith to third
Pablo Castillo to second
Pitching: RHP Lee Donahue
Batting: LHB Bill Smith 0-0: Fly out, F6 (Popup, 5L)
Batting: SHB Sean Carr 0-0: Foul Ball, location: 2F
0-1: Ball
1-1: Foul Ball, location: 2F
1-2: Ball
2-2: Foul Ball, location: 2F
2-2: Ball
3-2: Base on Balls
Todd Smith scores
Pablo Castillo to third
Jim Edgar to second
Batting: RHB Peter Hensley 0-0: Fly out, F8 (Flyball, 8LM)
Bottom of the 6th over - 1 run(s), 1 hit(s), 0 error(s), 3 left on base; San Jose 2 - Gresham 1
TOP OF THE 7TH
San Jose Missions batting - Pitching for Gresham Gold Souls : RHP Luis Fernández
Batting: RHB Bobby Brewster 0-0: Ball
1-0: Ball
2-0: Ground out 4-3 (Groundball, 34)
Batting: RHB Elliott Rucker 0-0: Called Strike
0-1: Swinging Strike
0-2: Ball
1-2: Foul Ball, location: 2F
1-2: Ball
2-2: Strikes out swinging
Batting: RHB Greg Ball 0-0: Ball
1-0: Swinging Strike
1-1: Fly out, F9 (Flyball, 89XD)
Top of the 7th over - 0 run(s), 0 hit(s), 0 error(s), 0 left on base; San Jose 2 - Gresham 1
BOTTOM OF THE 7TH
Gresham Gold Souls batting - Pitching for San Jose Missions : RHP Lee Donahue
Batting: RHB Lorenzo Morín 0-0: Called Strike
0-1: Hit by Pitch
Batting: RHB Mario Méndez 0-0: Ball
1-0: Called Strike
1-1: Ground out 5-3 (Groundball, 5S)
Lorenzo Morín to second
Batting: RHB Matt Davidson 0-0: Ball
1-0: Ball
2-0: Ball
3-0: Base on Balls
Batting: SHB Todd Smith 0-0: Ball
1-0: Ball
2-0: Swinging Strike
2-1: Ball
3-1: Base on Balls
Lorenzo Morín to third
Matt Davidson to second
Batting: RHB Pablo Castillo 0-0: Called Strike
0-1: Ball
1-1: Called Strike
1-2: Ball
2-2: Fly out, F7 (Flyball, 7LM)
Runner from 3rd tags up, SCORES, throw made
Batting: RHB Jim Edgar 0-0: Ball
1-0: Fly out, F8 (Flyball, 8LM)
Bottom of the 7th over - 1 run(s), 0 hit(s), 0 error(s), 2 left on base; San Jose 2 - Gresham 2
TOP OF THE 8TH
San Jose Missions batting - Pitching for Gresham Gold Souls : RHP Luis Fernández
Batting: LHB Miguel Montés 0-0: Ball
1-0: SINGLE (Groundball, 34D)
Batting: RHB Ramón Ruíz 0-0: Foul Ball, location: 2F
0-1: Ball
1-1: Ball
2-1: SINGLE (Groundball, 6)
Miguel Montés to second
Pitching: RHP Arturo Martínez
Batting: RHB Chang-geun Kim 0-0: SINGLE (Line Drive, 4MD)
Miguel Montés to third
Ramón Ruíz to second
Batting: RHB Armando López 0-0: Foul Ball, location: 2F
0-1: Foul Ball, location: 2F
0-2: Ball
1-2: Strikes out swinging
Batting: RHB Culley Douglas 0-0: Ball
1-0: Ball
2-0: Ball
3-0: Base on Balls
Miguel Montés scores
Ramón Ruíz to third
Chang-geun Kim to second
Batting: LHB Félix García 0-0: Foul Ball, location: 2F
0-1: Swinging Strike
0-2: Foul Ball, location: 2F
0-2: Ball
1-2: Strikes out swinging
Pinch Hitting: RHB Cal Keys 0-0: Ball
1-0: Called Strike
1-1: Foul Ball, location: 2F
1-2: Ball
2-2: Strikes out swinging
Top of the 8th over - 1 run(s), 3 hit(s), 0 error(s), 3 left on base; San Jose 3 - Gresham 2
BOTTOM OF THE 8TH
Gresham Gold Souls batting - Pitching for San Jose Missions : RHP Lee Donahue
Pitching: RHP David Bates
Now at 3B: Jorge Comacho
Now at SS: Kieran Farris
Batting: LHB Bill Smith 0-0: Called Strike
0-1: Swinging Strike
0-2: Strikes out looking
Pitching: LHP Ramón Vázquez
Batting: SHB Sean Carr 0-0: Ball
1-0: Ball
2-0: Called Strike
2-1: Foul Ball, location: 2F
2-2: Ball
3-2: Base on Balls
Batting: RHB Peter Hensley 0-0: Ball
1-0: Called Strike
1-1: Foul Ball, location: 2F
1-2: Strikes out looking
Batting: RHB Lorenzo Morín 0-0: Called Strike
0-1: Foul Ball, location: 2F
0-2: Foul Ball, location: 2F
0-2: Ball
1-2: Ball
2-2: Ball
3-2: Base on Balls
Sean Carr to second
Batting: RHB Mario Méndez 0-0: Called Strike
0-1: Ball
1-1: SINGLE (Groundball, 56D)
Sean Carr to third
Lorenzo Morín to second
Runner from 3rd tries for Home, SAFE, no throw or cutoff
Batting: RHB Matt Davidson 0-0: Called Strike
0-1: Foul Ball, location: 2F
0-2: Strikes out looking
Bottom of the 8th over - 1 run(s), 1 hit(s), 0 error(s), 2 left on base; San Jose 3 - Gresham 3
TOP OF THE 9TH
San Jose Missions batting - Pitching for Gresham Gold Souls : RHP Arturo Martínez
Pitching: RHP José González
Batting: RHB Elliott Rucker 0-0: Ball
1-0: Ball
2-0: Foul Ball, location: 2F
2-1: Foul Ball, location: 2F
2-2: Ground out 5-3 (Groundball, 5S)
Batting: RHB Greg Ball 0-0: Ball
1-0: Foul Ball, location: 2F
1-1: Ground out 5-3 (Groundball, 56)
Batting: LHB Miguel Montés 0-0: Called Strike
0-1: Ball
1-1: Called Strike
1-2: SINGLE (Line Drive, 8LS)
Batting: RHB Ramón Ruíz 0-0: Ball
1-0: Ball
2-0: Ball
3-0: Called Strike
3-1: Fly out, F8 (Flyball, 78M)
Top of the 9th over - 0 run(s), 1 hit(s), 0 error(s), 1 left on base; San Jose 3 - Gresham 3
BOTTOM OF THE 9TH
Gresham Gold Souls batting - Pitching for San Jose Missions : LHP Ramón Vázquez
Batting: SHB Todd Smith 0-0: Ball
1-0: Called Strike
1-1: Ball
2-1: Ball
3-1: Base on Balls
Batting: RHB Pablo Castillo 0-0: Called Strike
0-1: Ball
1-1: Fly out, F7 (Line Drive, 78D)
Batting: RHB Jim Edgar 0-0: Ball
1-0: Foul Ball, location: 2F
1-1: Ball
2-1: Foul Ball, location: 2F
2-2: Ball
3-2: Base on Balls
Todd Smith to second
Pinch Hitting: RHB Luke McIndoe 0-0: Fly out, F9 (Flyball, 89S)
Pinch Hitting: RHB Juan López 0-0: SINGLE (Line Drive, 8RS)
Todd Smith to third
Jim Edgar to second
Runner from 3rd tries for Home, SAFE, throw made at trailing runner, SAFE at third!
Monday, December 5th, 2016 - OOTP Baseball 17.12 Build 75